 Dungeon Crawl Stone Soup version 0.28.0-43-g3370ac3207 (webtiles) character file.

Game seed: 5505613764983172752

134 Ablot the Grasshopper (level 5, 0/43 HPs)
             Began as a Gnoll Warper on Mar 2, 2022.
             Was an Initiate of Okawaru.
             Succumbed to a scorpion's poison
             ... on level 4 of the Dungeon.
             The game lasted 00:05:57 (3756 turns).

Ablot the Grasshopper (Gnoll Warper)                Turns: 3756, Time: 00:05:57

Health: 0/43       AC:  5    Str: 12    XL:     5   Next: 17%
Magic:  12/12      EV: 13    Int: 12    God:    Okawaru [......]
Gold:   13         SH:  0    Dex: 12    Spells: 12/14 levels left

rFire   . . .      SeeInvis .   x - +0 war axe (vamp)
rCold   . . .      Faith    .   (no shield)
rNeg    . . .      Spirit   .   b - +0 leather armour
rPois   .          Reflect  .   w - +0 helmet
rElec   .          Harm     .   (no cloak)
rCorr   .          Rampage  .   p - +0 pair of gloves
Will    .....                   (no boots)
Stlth   +.........              (no amulet)
HPRegen 0.14/turn               (no ring)
MPRegen 0.13/turn               (no ring)

@: lethally poisoned (0 -> -21)
A: fangs 1, strong nose, distributed training
a: Renounce Religion


You were on level 4 of the Dungeon.
You worshipped Okawaru.
Okawaru was noncommittal.
You visited 1 branch of the dungeon, and saw 4 of its levels.

You collected 166 gold pieces.
You spent 153 gold pieces at shops.

Inventory:

Hand Weapons
 a - a +0 trident
 s - a +0 hunting sling
 x - a +0 vampiric war axe (weapon)
Missiles
 d - 5 boomerangs of dispersal (quivered)
 g - 29 sling bullets
 i - 18 arrows
 k - 54 stones
 B - 4 poisoned darts
Armour
 b - a +0 leather armour (worn)
 p - a +0 pair of gloves (worn)
 w - a +0 helmet (worn)
Wands
 y - a wand of polymorph (10)
Scrolls
 c - a scroll of blinking
 f - a scroll of immolation {unknown}
 l - 3 scrolls of teleportation
 v - a scroll of noise
 A - 2 scrolls of identify
Potions
 e - 2 potions of haste {unknown}
 h - a potion of brilliance {unknown}
 j - 2 potions of heal wounds {unknown}
 m - a potion of resistance {unknown}
 n - a potion of flight {unknown}
 o - a potion of ambrosia {unknown}
 q - a potion of might {unknown}
 r - a potion of magic {unknown}
 t - a potion of lignification {unknown}
 u - a potion of degeneration {unknown}
 z - a potion of curing {unknown}


   Skills:
 + Level 4.7 Fighting
 + Level 1.4 Short Blades
 + Level 1.4 Long Blades
 + Level 1.4 Axes
 + Level 1.4 Maces & Flails
 + Level 4.7 Polearms
 + Level 1.4 Staves
 + Level 1.4 Slings
 + Level 1.4 Bows
 + Level 1.4 Crossbows
 + Level 2.9 Throwing
 + Level 2.9 Armour
 + Level 4.7 Dodging
 + Level 1.4 Stealth
 + Level 1.4 Shields
 + Level 1.4 Unarmed Combat
 + Level 5.1 Spellcasting
 + Level 1.1 Conjurations
 + Level 1.1 Hexes
 + Level 1.1 Summonings
 + Level 1.1 Necromancy
 + Level 5.5 Translocations
 + Level 1.1 Transmutations
 + Level 1.1 Fire Magic
 + Level 1.1 Ice Magic
 + Level 1.1 Air Magic
 + Level 1.1 Earth Magic
 + Level 1.1 Poison Magic
 + Level 1.5 Invocations
 + Level 1.4 Evocations


You had 12 spell levels left.
You knew the following spells:

 Your Spells              Type           Power      Damage    Failure   Level
a - Blink                 Tloc           32%        N/A       3%          2

Your spell library contained the following spells:

 Spells                   Type           Power      Damage    Failure   Level
 Gell's Gravitas          Tloc           16%        N/A       8%          3
 Lesser Beckoning         Tloc           16%        N/A       8%          3
 Teleport Other           Tloc           16%        N/A       8%          3
 Static Discharge         Conj/Air       5%         N/A       24%         2
 Manifold Assault         Tloc           16%        N/A       56%         5
 Dispel Undead            Necr           5%         3d7       83%         4
 Sticky Flame             Conj/Fire      5%         2d3       83%         4


Dungeon Overview and Level Annotations

Branches:
Dungeon (4/15)
 Temple: D:4-7

Altars:
Ashenzari
Gozag
Nemelex Xobeh
Okawaru
Yredelemnul

Shops:
D:2 :   D:3 [*?:


Innate Abilities, Weirdness & Mutations

You have very sharp teeth.
Your uncanny sense of smell can sniff out nearby items.
Your experience applies equally to all skills.


Message History

The scorpion is moderately wounded.
The scorpion closely misses you. The scorpion stings you.
You hit the scorpion.
The scorpion is heavily wounded.
The scorpion stings you!
You are poisoned.
The scorpion poisons you! The scorpion barely misses you.
You barely miss the scorpion.
The scorpion is heavily wounded.
You feel very sick. The scorpion closely misses you.
You hit the scorpion.
You feel better.
Your bite misses the scorpion.
The scorpion is severely wounded.
You feel very sick. The scorpion closely misses you. x2
You hit the scorpion.
You feel better.
The scorpion is severely wounded.
You feel sick. The scorpion stings you!
You are more poisoned.
The scorpion poisons you! The scorpion closely misses you.
You are too injured to fight recklessly!
You are too injured to fight recklessly!
You are too injured to fight recklessly!
You are too injured to fight recklessly!
You barely miss the scorpion.
The scorpion is severely wounded.
You feel very sick. The scorpion barely misses you.
You hit the scorpion but do no damage. Your punch misses the scorpion.
The scorpion is severely wounded.
* * * LOW HITPOINT WARNING * * *
You feel very sick. The scorpion stings you.
* * * LOW HITPOINT WARNING * * *
You are more poisoned.
The scorpion poisons you!
The scorpion stings you but does no damage.
You barely miss the scorpion.
The scorpion is severely wounded.
You die...

#########
#.......#
#.......#
#.......#
........##########
.................#
#.......########@#
...............#s#
........######.#.#
#.......# #.#
#.......######.#.#
.......#<......#.#
################.#
..#


You could see a scorpion.

Vanquished Creatures
  Robin (D:3)
  3 adders (D:2)
  An ufetubus (D:3)
  4 worms
  A dart slug (D:2)
  An orc (D:3)
  9 ball pythons
  4 bats
  A bat skeleton (D:2)
  4 endoplasms
  2 giant cockroaches
  8 goblins
  8 hobgoblins (D:3)
  4 jackals (D:1)
  3 quokkas
  4 frilled lizards
  A giant cockroach zombie (D:2)
  6 kobolds
  A quokka skeleton (D:2)
  8 rats
74 creatures vanquished.

Vanquished Creatures (others)
  2 withered plants (D:2)
2 creatures vanquished.

Grand Total: 76 creatures vanquished

Notes
Turn   | Place    | Note
-------+----------+-------------------------------------------
     0 | D:1      | Ablot the Gnoll Warper began the quest for the Orb.
     0 | D:1      | Reached XP level 1. HP: 20/20 MP: 6/6
   319 | D:1      | Reached XP level 2. HP: 21/26 MP: 7/7
   322 | D:1      | Learned a level 2 spell: Blink
  1143 | D:2      | Reached skill level 5 in Spellcasting
  1143 | D:2      | Reached XP level 3. HP: 25/31 MP: 7/9
  1311 | D:2      | Found a faded altar of an unknown god.
  1331 | D:2      | HP: 1/31 [quokka skeleton (2)]
  1335 | D:2      | Reached skill level 1 in Invocations
  1877 | D:2      | Reached skill level 1 in Short Blades
  1877 | D:2      | Reached skill level 1 in Long Blades
  1877 | D:2      | Reached skill level 1 in Axes
  1877 | D:2      | Reached skill level 1 in Maces & Flails
  1877 | D:2      | Reached skill level 1 in Staves
  1877 | D:2      | Reached skill level 1 in Slings
  1877 | D:2      | Reached skill level 1 in Bows
  1877 | D:2      | Reached skill level 1 in Crossbows
  1877 | D:2      | Reached skill level 1 in Stealth
  1877 | D:2      | Reached skill level 1 in Shields
  1877 | D:2      | Reached skill level 1 in Unarmed Combat
  1877 | D:2      | Reached skill level 1 in Evocations
  1877 | D:2      | Reached XP level 4. HP: 27/38 MP: 11/11
  2560 | D:2      | Found Pigg's Book Shoppe.
  2917 | D:3      | Found Kuse's Assorted Antiques.
  2918 | D:3      | Noticed Robin
  2936 | D:3      | Reached skill level 1 in Conjurations
  2936 | D:3      | Reached skill level 1 in Hexes
  2936 | D:3      | Reached skill level 1 in Summonings
  2936 | D:3      | Reached skill level 1 in Necromancy
  2936 | D:3      | Reached skill level 1 in Transmutations
  2936 | D:3      | Reached skill level 1 in Fire Magic
  2936 | D:3      | Reached skill level 1 in Ice Magic
  2936 | D:3      | Reached skill level 1 in Air Magic
  2936 | D:3      | Reached skill level 1 in Earth Magic
  2936 | D:3      | Reached skill level 1 in Poison Magic
  2992 | D:3      | Killed Robin
  3184 | D:3      | Found Geijucva's Antique Armour Shop.
  3213 | D:3      | Bought a scroll labelled POZXEU QACUTZ for 24 gold pieces
  3213 | D:3      | Bought a scroll labelled AWEITWIMISS for 24 gold pieces
  3213 | D:3      | Bought a red potion for 21 gold pieces
  3243 | D:3      | Reached XP level 5. HP: 43/43 MP: 12/12
  3509 | D:3      | Found Ocal's Book Emporium.
  3521 | D:3      | Found Koliusut's Magic Scroll Emporium.
  3535 | D:3      | Bought a scroll of identify for 28 gold pieces
  3535 | D:3      | Bought a scroll of noise for 14 gold pieces
  3535 | D:3      | Bought a scroll of teleportation for 42 gold pieces
  3616 | D:3      | Found an opulent altar of Gozag.
  3621 | D:3      | Found a sparkling altar of Nemelex Xobeh.
  3625 | D:3      | Found a basalt altar of Yredelemnul.
  3625 | D:3      | Found an iron altar of Okawaru.
  3632 | D:3      | Found a broken altar of Ashenzari.
  3634 | D:3      | Became a worshipper of Warmaster Okawaru
  3756 | D:4      | Succumbed to a scorpion's poison

Illustrated notes

Levels and vault maps discovered:
D:1:      dpeg_arrival_ternary, layout_loops_ring, minmay_pentomino_u4
D:2:      layout_loops_ring, basic_ecumenical_altar, serial_undead,
          serial_undead_d, serial_undead_f, serial_undead_c, serial_undead_d,
          serial_undead_a, serial_undead_b, serial_undead_b, serial_shops, shop
D:3:      layout_rooms, nicolae_overflow_hallway_of_the_gods, serial_shops,
          nicolae_shop_trees, nicolae_shop_advertising_works
          [nicolae_subvault_shop_adworks], shop, shop, uniq_robin
D:4:      layout_basic, temple_pool_b, minmay_liquid_box,
          guppyfry_early_orc_mine

Skill      XL: |  1  2  3  4 |
---------------+-------------+-----
Spellcasting   | 5 |  5.1
Invocations    | 1 |  1.5
Short Blades   | 1 |  1.4
Long Blades    | 1 |  1.4
Axes           | 1 |  1.4
Maces & Flails | 1 |  1.4
Staves         | 1 |  1.4
Slings         | 1 |  1.4
Bows           | 1 |  1.4
Crossbows      | 1 |  1.4
Stealth        | 1 |  1.4
Shields        | 1 |  1.4
Unarmed Combat | 1 |  1.4
Evocations     | 1 |  1.4
Conjurations   | 1 |  1.1
Hexes          | 1 |  1.1
Summonings     | 1 |  1.1
Necromancy     | 1 |  1.1
Transmutations | 1 |  1.1
Fire Magic     | 1 |  1.1
Ice Magic      | 1 |  1.1
Air Magic      | 1 |  1.1
Earth Magic    | 1 |  1.1
Poison Magic   | 1 |  1.1
Fighting       | |  4.7
Polearms       | |  4.7
Throwing       | |  2.9
Armour         | |  2.9
Dodging        | |  4.7
Translocations | |  5.5

Action                   |  1- 3 |  4- 6 || total
-------------------------+-------+-------++-------
Melee: Spear             |   156 |   135 ||   291
       Bite              |    18 |    14 ||    32
       Punch             |       |     5 ||     5
       Club              |       |    13 ||    13
       War axe           |       |    24 ||    24
 Cast: Blink             |     1 |       ||     1
 Stab: Sleeping          |       |     2 ||     2
Armor: Leather armour    |    26 |    38 ||    64
Dodge: Dodged            |    74 |    91 ||   165
